 Dungeon Crawl Stone Soup version 0.31-a0-532-g28f74ba3e5 (webtiles) character file.

Game seed: 5066894879949267088

64537 bobo the Fighter (level 14, 0/133 HPs)
             Began as a Green Draconian Shapeshifter on Aug 12, 2023.
             Was a High Priest of Wu Jian.
             Slain by an entropy weaver (5 damage)
             ... on level 2 of the Spider Nest on Aug 13, 2023.
             The game lasted 01:16:14 (18751 turns).

bobo the Fighter (Green Draconian Shapeshifter)    Turns: 18751, Time: 01:16:15

Health: 0/133      AC:  6    Str: 23    XL:     14   Next: 72%
Magic:  14/14      EV: 17    Int:  8    God:    Wu Jian [*****.]
Gold:   1390       SH:  0    Dex: 12    Spells: 13/13 levels left

rFire   + .          .
                       - Unarmed
rCold   + + .        (shield currently unavailable)
rNeg    . . .        (body armour unavailable)
rPois   +            J - +1 hat "Haym" {rC+}
rElec   .            l - +2 cloak
rCorr   .            f - +2 pair of gloves
SInv    .            R - +2 pair of boots
Will    +....        L - amulet of regeneration
Stlth   +            g - ring of protection from fire
HPRegen 1.22/turn    x - +4 ring of slaying
MPRegen 0.14/turn

%: clarity
@: about to teleport, short of breath, flux-form, corroded, flying, slowed,
glowing, very slow
A: glow, contaminating, flying, breathe noxious fumes, AC +8, unfitting armour,
stinger 1, poison resistance, cold-blooded, big wings, clarity, cold resistance
1
a: Breathe Noxious Fumes, Begin Untransformation, Renounce Religion, Wall Jump,
Serpent's Lash, Heavenly Storm


You were on level 2 of the Spider Nest.
You worshipped Wu Jian.
Wu Jian was extremely pleased with you.
You were something dangerously unstable.
You visited 5 branches of the dungeon, and saw 21 of its levels.
You visited the Abyss 2 times.
You also visited: Sewer, Ossuary, Bailey and Gauntlet.

You collected 1602 gold pieces.
You spent 212 gold pieces at shops.

Inventory:

Armour
 f - a +2 pair of gloves (worn)
 l - a +2 cloak (worn)
 p - a scarf of harm
 J - the +1 hat "Haym" (worn) {rC+}
   (You found it in a Gauntlet)

   rC+:       It protects you from cold.
 R - a +2 pair of boots (worn)
Jewellery
 g - a ring of protection from fire (left hand)
 x - a +4 ring of slaying (right hand)
 G - a ring of protection from cold
 K - an amulet of the acrobat
 L - an amulet of regeneration (around neck)
 N - a ring of fire
Talismans
 b - a beast talisman
 c - a flux talisman (active)
Wands
 n - a wand of light (2)
 v - a wand of flame (42)
 E - a wand of paralysis (19)
 O - a wand of roots (10)
Scrolls
 d - a scroll of fear
 o - a scroll of revelation
 q - 2 scrolls of summoning
 r - 3 scrolls of amnesia
 s - 5 scrolls of immolation
 u - 6 scrolls of noise
 w - 6 scrolls of teleportation
 y - a scroll of poison
 z - 6 scrolls of blinking
 D - 2 scrolls of fog
 F - a scroll of enchant weapon
 H - a scroll of torment {unknown}
 I - 3 scrolls of silence
 P - 2 scrolls of identify
Potions
 a - 3 potions of lignification
 e - 5 potions of haste
 h - a potion of attraction
 i - 4 potions of degeneration
 j - 6 potions of enlightenment
 k - a potion of invisibility
 m - 2 potions of mutation
 t - 4 potions of cancellation
 A - a potion of magic {unknown}
 B - 4 potions of curing
 C - a potion of resistance {unknown}
 M - a potion of might
 S - 2 potions of berserk rage {unknown}
Miscellaneous
 Q - a lightning rod (4/4)


   Skills:
 + Level 14.3 Fighting
 + Level 12.3 Dodging
 + Level 13.5 Unarmed Combat
 - Level 12.1 Shapeshifting


You had 13 spell levels left.
You didn't know any spells.
Your spell library contained the following spells:

 Spells                   Type           Power      Damage    Failure   Level
 Foxfire                  Conj/Fire      0%         2x1d4     41%         1
 Magic Dart               Conj           0%         1d3       41%         1
 Necrotise                Necr           0%         1d4       41%         1
 Sandblast                Erth           0%         2d4       41%         1
 Shock                    Conj/Air       0%         1d3       41%         1
 Blink                    Tloc           0%         N/A       54%         2
 Cigotuvi's Dreadful Rot  Necr/Pois/Air  0%         N/A       54%         2
 Lesser Beckoning         Tloc           0%         N/A       54%         2
 Momentum Strike          Conj/Tloc      0%         3d8       54%         2
 Passwall                 Tmut/Erth      0%         N/A       54%         2
 Searing Ray              Conj           0%         2d4       54%         2
 Sublimation of Blood     Necr           0%         N/A       54%         2
 Wereblood                Tmut           0%         N/A       54%         2
 Gell's Gravitas          Tloc           0%         N/A       78%         3
 Ignite Poison            Fire/Tmut/Pois 0%         N/A       78%         3
 Stone Arrow              Conj/Erth      0%         3d7       78%         3
 Swiftness                Air            0%         N/A       78%         3
 Teleport Other           Tloc           0%         N/A       78%         3
 Vampiric Draining        Necr           0%         2d6       78%         3
 Airstrike                Air            0%         2d(0-16)  99%         4
 Fulminant Prism          Conj/Hex       0%         3d5       99%         4
 Summon Ice Beast         Ice/Summ       0%         N/A       99%         4
 Agony                    Necr           0%         N/A       100%        5
 Freezing Cloud           Conj/Ice/Air   0%         6-21      100%        5
 Irradiate                Conj/Tmut      0%         3d11      100%        5
 Iskenderun's Battlesphe  Conj           0%         2d6       100%        5
 Summon Mana Viper        Hex/Summ       0%         N/A       100%        5
 Dispersal                Tloc           0%         N/A       100%        6
 Eringya's Noxious Bog    Tmut/Pois      0%         4d6       100%        6
 Leda's Unmaking          Conj/Erth      0%         9d1       100%        6
 Plasma Beam              Fire/Air       0%         2x1d10    100%        6
 Simulacrum               Ice/Necr       0%         N/A       100%        6
 Starburst                Conj/Fire      0%         6d3       100%        6
 Monstrous Menagerie      Summ           0%         N/A       100%        7
 Ozocubu's Refrigeration  Ice            0%         4d7       100%        7
 Spellforged Servitor     Conj/Summ      0%         N/A       100%        7
 Summon Hydra             Summ           0%         N/A       100%        7
 Polar Vortex             Ice            0%         N/A       100%        9


Dungeon Overview and Level Annotations

Branches:
Dungeon (11/15)            Temple (1/1) D:7            Lair (5/5) D:9
 Shoals (0/4) Lair:3       Spider (2/4) Lair:3          Orc (2/2) D:10
    Elf (0/3) Orc:2         Sewer (visited)         Ossuary (visited)
 Bailey (visited)         Gauntlet (visited)
  Slime: Lair:4-5

Altars:
Ashenzari
Cheibriados
Dithmenos
Elyvilon
Fedhas
Gozag
Hepliaklqana
Kikubaaqudgha
Makhleb
Nemelex Xobeh
Okawaru
Qazlal
Ru
Sif Muna
Trog
Uskayaw
Vehumet
Wu Jian
Xom
Yredelemnul
Zin
The Shining One

Shops:
Orc:1 *   Orc:2 !([[

Annotations:
D:7 3 runed translucent doors, MisterAzrael's ghost, novice MiBe
Lair:2 exclusion: oklob plant


Innate Abilities, Weirdness & Mutations

You are something dangerously unstable.
You glow with magical radiation, making you easy to see and hit.
Foes you strike become dangerously contaminated with magical radiation.
You are flying.
You are incapable of wielding weapons or throwing items.
You can breathe blasts of noxious fumes.
Your lurid green scales are hard. (AC +8)
You cannot fit into any form of body armour.
Your tail ends in a venomous barb.
Your system is resistant to poisons. (rPois)
You are cold-blooded and may be slowed by cold attacks.
Your large and strong wings let you fly.
You possess an exceptional clarity of mind.
Your flesh is cold resistant. (rC+)


Message History

You hit the demonic crawler.
The demonic crawler begins to glow.
The demonic crawler is moderately wounded.
The demonic crawler completely misses you.
The demonic crawler misses you. The demonic crawler barely misses you.
A culicivora comes into view.
The culicivora's many legs skitter faintly.
You hit the demonic crawler.
The demonic crawler glows dangerously bright.
The demonic crawler is moderately wounded.
The entropy weaver closely misses you. The entropy weaver hits you. x2
The entropy weaver hits you but does no damage.
The demonic crawler hits you!
* * * LOW HITPOINT WARNING * * *
The demonic crawler completely misses you.
The demonic crawler hits you but does no damage.
The entropy weaver points at you and mumbles some strange words.
The entropic weave corrodes you! The demonic crawler hits you!
* * * LOW HITPOINT WARNING * * *
The demonic crawler hits you but does no damage.
The demonic crawler closely misses you.
As you read the scroll of teleportation, it crumbles to dust.
You feel strangely unstable.
A tarantella comes into view.
The entropy weaver hits you!
* * * LOW HITPOINT WARNING * * *
The entropy weaver barely misses you. The entropy weaver closely misses you.
The entropy weaver hits you!
* * * LOW HITPOINT WARNING * * *
The demonic crawler hits you!
* * * LOW HITPOINT WARNING * * *
The demonic crawler barely misses you. x2; The tarantella moves out of view.
Okay, then.
Unknown command.
You feel better.
The demonic crawler hits you but does no damage.
The demonic crawler hits you!
* * * LOW HITPOINT WARNING * * *
The demonic crawler closely misses you.
The entropy weaver barely misses you. x2
The entropy weaver hits you.
You die...

#♣8♣##.##### ##
#=..#..#.##.##.#
##'###.[..#....
#....<†.......####..
##......###...##...#
#. #....#..<.###...#
#^..
#^##...#..#.....##..#
###...##..##.##B†..#..
##...####..#Bsws...#
##...^#...#####....#
#..###..### ###.# ####
#..# # ....# .##..# #
..## ^<## .#


You could see an entropy weaver, a torpor snail, a demonic crawler (heavy
contam, misshapen) and a culicivora.

Vanquished Creatures
  Saint Roka (Orc:2)
  A broodmother (Spider:1)
  The ghost of Yvvueqof the Covert, a journeyman FeEn of Dithmenos (Spider:2)
  A minotaur (Gauntlet)
  Snorg (Orc:1)
  An entropy weaver (Spider:1)
  A hydra (Lair:2)
  Erolcha (D:9)
  6 death yaks
  2 two-headed ogres
  5 boulder beetles (Spider:1)
  An orc high priest (Orc:2)
  4 demonic crawlers
  A skyshark (Lair:4)
  A wizard (Gauntlet)
  2 orc knights
  Pikel (D:7)
  A steelbarb worm (Spider:1)
  4 orc sorcerers (Orc:2)
  5 wolf spiders
  9 elephants
  A black mamba (Lair:3)
  A cyclops (Orc:2)
  5 torpor snails
  A minotaur zombie (Gauntlet)
  Psyche (D:9)
  3 cane toads
  4 rime drakes
  5 komodo dragons
  5 trolls
  4 polar bears
  Grinder (D:3)
  17 blink frogs
  4 tarantellas
  A snapping turtle (Lair:3)
  4 centaur simulacra (Gauntlet)
  3 large abominations (Gauntlet)
  A shadow (D:10)
  2 vampires (D:10)
  2 wraiths (Ossuary)
  4 culicivoras (Spider:1)
  6 jumping spiders (Spider:1)
  10 wyverns
  A basilisk (Lair:4)
  50 yaks
  8 redbacks (Spider:1)
  Eustachio (D:4)
  Grum (D:9)
  A steam dragon (D:8)
  Menkaure (D:5)
  Edmund (D:5)
  2 wargs
  3 acid dragons
  19 water moccasins
  An ice beast (D:6)
  A sky beast (D:8)
  3 black bears
  32 orc warriors
  7 ogres
  8 wolves
  3 small abominations (Gauntlet)
  4 centaurs
  2 phantoms
  4 kobold brigands
  9 bullfrogs
  2 scorpions
  10 gnoll sergeants (D:10)
  A cane toad simulacrum (Gauntlet)
  6 wights
  A howler monkey (D:6)
  2 electric eels
  A centaur zombie (Ossuary)
  2 jellies
  10 hounds
  15 orc priests
  Ijyb (D:5)
  2 iguanas
  6 hell rats (Lair:4)
  26 orc wizards
  A mummy (D:4)
  9 gnolls
  8 adders
  6 river rats (Sewer)
  2 white imps
  An ufetubus (D:4)
  2 adder zombies (Ossuary)
  A worm (Sewer)
  2 dart slugs
  87 orcs
  6 endoplasms
  13 giant cockroaches
  11 goblins
  8 hobgoblins
  9 jackals
  13 kobolds
  12 quokkas
  9 ball pythons
  A ball python skeleton (Ossuary)
  14 bats
  8 frilled lizards
  A hobgoblin skeleton (Ossuary)
  A hobgoblin zombie (Ossuary)
  2 kobold zombies (D:4)
  2 orc skeletons (Ossuary)
  2 orc zombies (Ossuary)
  10 rats
623 creatures vanquished.

Vanquished Creatures (collateral kills)
  A tarantella (Spider:2)
  An adder (Sewer)
2 creatures vanquished.

Grand Total: 625 creatures vanquished

Notes
Turn   | Place    | Note
-------+----------+-------------------------------------------
     0 | D:1      | bobo the Draconian Shapeshifter began the quest for the
                  | Orb.
     0 | D:1      | Reached XP level 1. HP: 16/16 MP: 1/1
   132 | D:1      | Reached XP level 2. HP: 19/23 MP: 2/2
   565 | D:1      | Reached XP level 3. HP: 29/29 MP: 3/3
   835 | D:2      | Reached skill level 2 in Fighting
  1283 | D:3      | Reached XP level 4. HP: 36/36 MP: 4/4
  1762 | D:3      | Noticed Grinder
  1762 | D:3      | Paralysed by Grinder for 3 turns
  1775 | D:3      | Killed Grinder
  1776 | D:3      | Reached skill level 3 in Fighting
  1776 | D:3      | Reached XP level 5. HP: 39/45 MP: 5/5
  1776 | D:3      | Reached XP level 6. HP: 44/51 MP: 6/6
  2284 | D:4      | Found a sand-covered staircase.
  2293 | Ossuary  | Entered an ossuary
  2481 | Ossuary  | Noticed a flying skull
  2481 | Ossuary  | Noticed a wraith
  2487 | Ossuary  | Noticed a flying skull
  2493 | Ossuary  | Noticed a wraith
  2503 | Ossuary  | Killed a wraith
  2504 | Ossuary  | Reached skill level 4 in Fighting
  2504 | Ossuary  | Your scales start taking on a lurid green colour.
  2504 | Ossuary  | Reached XP level 7. HP: 17/59 MP: 7/7
  2504 | Ossuary  | Gained mutation: Your system is resistant to poisons.
                  | (rPois) [Green Draconian growth]
  2647 | Ossuary  | Noticed a flying skull
  2728 | Ossuary  | Noticed a wraith
  2737 | Ossuary  | Killed a wraith
  2738 | Ossuary  | Reached skill level 5 in Unarmed Combat
  2939 | D:4      | Noticed Eustachio
  2989 | D:4      | Killed Eustachio
  2990 | D:4      | Reached skill level 5 in Fighting
  2990 | D:4      | Reached XP level 8. HP: 62/68 MP: 8/8
  3048 | D:4      | Reached skill level 5 in Shapeshifting
  3642 | D:5      | Entered Level 5 of the Dungeon
  3787 | D:5      | Noticed Menkaure
  3789 | D:5      | Found a glowing drain.
  3801 | Sewer    | Entered a sewer
  4553 | D:5      | Noticed Edmund
  4563 | D:5      | Killed Edmund
  4682 | D:5      | Found a burning altar of Makhleb.
  4855 | D:5      | Reached skill level 5 in Dodging
  4991 | D:5      | Noticed Ijyb
  4996 | D:5      | Killed Ijyb
  5180 | D:5      | Killed Menkaure
  5181 | D:5      | Reached XP level 9. HP: 75/75 MP: 9/9
  5290 | D:6      | Reached skill level 6 in Fighting
  5960 | D:7      | Noticed Pikel
  5972 | D:7      | Killed Pikel
  5981 | D:7      | Reached skill level 7 in Fighting
  6251 | D:7      | Found an opulent altar of Gozag.
  6290 | D:7      | Found a runed translucent gate.
  6291 | D:7      | Found a runed translucent gate.
  6291 | D:7      | Found a runed translucent gate.
  6291 | D:7      | Noticed MisterAzrael's ghost (novice MiBe)
  6295 | D:7      | Noticed a troll
  6307 | D:7      | Killed a troll
  6364 | D:7      | Found a bloodstained altar of Trog.
  6375 | D:7      | Found a shimmering blue altar of Sif Muna.
  6414 | D:7      | Got Sif Muna's Papyrus of Shaping
  6493 | D:7      | Found a staircase to the Ecumenical Temple.
  6503 | Temple   | Entered the Ecumenical Temple
  6509 | Temple   | Became a worshipper of the Wu Jian Council
  6783 | D:8      | Found a glowing silver altar of Zin.
  6877 | D:8      | Found a flagged portal.
  6896 | Bailey   | Entered a bailey
  6947 | Bailey   | Reached XP level 10. HP: 36/83 MP: 10/10
  7856 | D:8      | Reached * piety under Wu Jian
  7866 | D:8      | Reached skill level 8 in Fighting
  8381 | D:9      | Noticed Erolcha
  8383 | Abyss:2  | Cast into level 2 of the Abyss (Erolcha)
  8416 | Abyss:2  | Noticed a wretched star
  8454 | Abyss:2  | Found a runed translucent gate.
  8454 | Abyss:2  | Found a runed translucent gate.
  8454 | Abyss:2  | Found a runed translucent gate.
  8491 | D:9      | Escaped the Abyss
  8526 | D:9      | Killed Erolcha
  8888 | D:9      | Found a staircase to the Lair.
  8942 | D:9      | Reached skill level 9 in Fighting
  9204 | D:9      | Reached XP level 11. HP: 83/97 MP: 11/11
  9245 | Lair:1   | Entered Level 1 of the Lair of Beasts
  9820 | D:9      | You are sucked into a shaft and drop 2 floors!
  9905 | D:10     | Entered Level 10 of the Dungeon
 10474 | D:10     | Found a shadowy altar of Dithmenos.
 10488 | D:10     | Noticed a two-headed ogre
 10494 | D:10     | Killed a two-headed ogre
 10543 | D:10     | Reached ** piety under Wu Jian
 10629 | D:10     | Found a staircase to the Orcish Mines.
 10662 | D:10     | Reached skill level 10 in Fighting
 10831 | D:9      | Noticed Grum
 10835 | D:9      | Noticed Psyche
 10842 | D:9      | Killed Psyche
 10843 | D:9      | Killed Grum
 11207 | Lair:1   | Reached skill level 10 in Unarmed Combat
 11342 | Lair:1   | Reached *** piety under Wu Jian
 11343 | Lair:1   | Reached XP level 12. HP: 107/107 MP: 12/12
 11591 | Lair:1   | Noticed a death yak
 11615 | Lair:1   | Killed a death yak
 11708 | Lair:1   | Reached skill level 11 in Fighting
 11720 | Lair:1   | Gained mutation: Your large and strong wings let you fly.
                  | [potion of mutation]
 11720 | Lair:1   | Gained mutation: You possess an exceptional clarity of
                  | mind. [potion of mutation]
 11720 | Lair:1   | Gained mutation: Your flesh is cold resistant. (rC+)
                  | [potion of mutation]
 12244 | Lair:2   | Reached skill level 10 in Shapeshifting
 12413 | Lair:2   | Noticed a four-headed hydra
 12425 | Lair:2   | Killed a four-headed hydra
 12670 | Lair:2   | Reached skill level 10 in Dodging
 12876 | Lair:2   | Found a blossoming altar of Fedhas.
 13110 | Lair:3   | Reached **** piety under Wu Jian
 13435 | Lair:3   | Noticed a death yak
 13435 | Lair:3   | Noticed a death yak
 13435 | Lair:3   | Noticed a death yak
 13435 | Lair:3   | Noticed a death yak
 13438 | Lair:3   | Noticed a death yak
 13460 | Lair:3   | Killed a death yak
 13461 | Lair:3   | Reached skill level 12 in Fighting
 13461 | Lair:3   | Reached XP level 13. HP: 113/118 MP: 13/13
 13550 | Lair:3   | Found a hole to the Spider Nest.
 13758 | Lair:3   | Found a staircase to the Shoals.
 14149 | Lair:4   | HP: 3/119 [skyshark (15)]
 15146 | Lair:5   | Entered Level 5 of the Lair of Beasts
 15264 | Lair:5   | Reached ***** piety under Wu Jian
 15375 | Orc:1    | Entered Level 1 of the Orcish Mines
 15375 | Orc:1    | Noticed Snorg
 15380 | Orc:1    | Killed Snorg
 15477 | Orc:1    | Found Ykketid's Assorted Antiques.
 15489 | Orc:1    | Reached skill level 13 in Fighting
 15676 | Orc:2    | Entered Level 2 of the Orcish Mines
 15693 | Orc:2    | Found a staircase to the Elven Halls.
 15721 | Orc:2    | Found Rilyc's Distillery.
 15740 | Orc:2    | Bought a potion of heal wounds for 70 gold pieces
 15740 | Orc:2    | Bought a potion of heal wounds for 70 gold pieces
 15750 | Orc:2    | Found a gate leading to a gauntlet.
 15759 | Gauntlet | Entered a Gauntlet
 15759 | Gauntlet | Found a transporter.
 15765 | Gauntlet | Found a transporter.
 15768 | Gauntlet | Found a transporter.
 15782 | Gauntlet | Found a transporter.
 15785 | Gauntlet | Found a transporter.
 15796 | Gauntlet | Found a transporter.
 15808 | Gauntlet | Found a runed translucent door.
 15813 | Gauntlet | Found the amulet of Vitality {RegenMP++ Regen++}
 15815 | Gauntlet | Found a transporter.
 15826 | Gauntlet | Found a transporter.
 15838 | Gauntlet | Found a transporter.
 15841 | Gauntlet | Noticed a blizzard demon
 15857 | Gauntlet | Found a transporter.
 15871 | Gauntlet | Found a transporter.
 15873 | Gauntlet | Found a transporter.
 15943 | Gauntlet | Found a transporter.
 15946 | Gauntlet | Found a transporter.
 16110 | Abyss:2  | Cast into level 2 of the Abyss (a wizard)
 16167 | Gauntlet | Escaped the Abyss
 16208 | Gauntlet | Identified the +1 hat "Haym" {rC+}
 16251 | Gauntlet | Noticed a minotaur
 16261 | Gauntlet | Killed a minotaur
 16268 | Gauntlet | Got Sif Muna's Secrets of Toxins
 16371 | Orc:2    | Found Ciutaose's Armour Emporium.
 16382 | Orc:2    | Bought a +0 pair of boots for 72 gold pieces
 16541 | Orc:2    | Gained mutation: Your tail ends in a venomous barb. [Green
                  | Draconian growth]
 16541 | Orc:2    | Reached XP level 14. HP: 129/129 MP: 14/14
 16740 | Orc:2    | Noticed Saint Roka
 16789 | Orc:2    | Killed Saint Roka
 16801 | Orc:2    | Found Gopilein's Antique Armour Shop.
 16809 | Orc:2    | Found Foloc's Antique Weapon Boutique.
 17284 | Spider:1 | Entered Level 1 of the Spider Nest
 18253 | Spider:1 | Reached skill level 14 in Fighting
 18323 | Spider:1 | Noticed a broodmother
 18332 | Spider:1 | Killed a broodmother
 18639 | Spider:2 | Noticed Yvvueqof's ghost (journeyman FeEn)
 18639 | Spider:2 | Found a runed translucent door.
 18685 | Spider:2 | Killed Yvvueqof's ghost
 18750 | Spider:2 | HP: 2/133 [demonic crawler (11)]
 18751 | Spider:2 | Slain by an entropy weaver

Illustrated notes

Levels and vault maps discovered:
D:1:      wheals_arrival_shading, layout_basic
D:2:      layout_rooms, minmay_hedge_maze
D:3:      layout_basic, uniq_grinder
D:4:      layout_gridville, nicolae_ossuary_entry_giza,
          kennysheep_generic_room_8, uniq_eustachio
D:5:      layout_loops_ring, makhleb_heckhound_becter, portal_sewer_entry_f,
          uniq_ijyb, uniq_edmund, uniq_menkaure
D:6:      layout_cave_pools, kennysheep_generic_room_10
D:7:      dreamdust_elfheim, layout_loops_ring,
          nzn_overflow_gifts_of_might_and_magic, mainiacjoe_overflow_brackets,
          minmay_temple_entry_hall, ebering_ghost_rock_garden, uniq_pikel
D:8:      layout_cave_pods, mainiacjoe_overflow_cross_hatched,
          lightli_bailey_entry_fortress
D:9:      layout_basic, minmay_lair_entry_grove, uniq_grum, uniq_psyche,
          uniq_erolcha
D:10:     layout_roguey, grunt_dithmenos_shadows,
          kennysheep_orc_monster_closet_entryway
D:11:     cheibrodos_breeding_chamber, layout_gridville, serial_shops,
          kennysheep_mini, ashenzari_conservatory_becter
Temple:   nicolae_temple_x_marks_the_god
Lair:1:   layout_gridlike, chequers_serial_rivers_marsh,
          gammafunk_lair_bear_cave
Lair:2:   layout_chaotic_city, tgw_fedhas
Lair:3:   layout_concentric_octagons, minmay_shoals_entry_hut,
          dummy_spider_entry
Lair:4:   layout_gridlike, minmay_holes, grunt_megastairs_5,
          serial_bayou_shore_a
Lair:5:   hangedman_lair_caniforms_friends, layout_gridlike,
          guppyfry_lair_end_dragon, minmay_slime_entry_oklob_open,
          eino_house_with_fridge
Spider:1: layout_chambers, drop_trap, nicolae_spider_rock_and_or_roll
Spider:2: layout_spider_delve, gammafunk_ghost_grave
Orc:1:    layout_diamond_mine, serial_shops, shop, uniq_snorg
Orc:2:    grunt_orc_community_town_hall, layout_caves,
          grunt_orc_community_big_house_2, grunt_orc_community_big_house_1,
          grunt_orc_community_house_3, grunt_orc_community_house_3,
          grunt_orc_community_house_1, grunt_orc_community_house_2,
          grunt_orc_community_house_2, gauntlet_entry_generic

Skill      XL: |  1  2  3  4  5  6  7  8  9 10 11 12 13 14 |
---------------+-------------------------------------------+-----
Dodging        | 2 3 4 5 6 7 9 10 11 12 | 12.3
Fighting       | 2 3 4 5 7 9 10 12 13 14 | 14.3
Unarmed Combat | 4 5 6 7 8 10 11 12 13 | 13.5
Shapeshifting  | 4 6 7 8 9 10 11 12 | 12.1

Action                     |  1- 3 |  4- 6 |  7- 9 | 10-12 | 13-15 || total
---------------------------+-------+-------+-------+-------+-------++-------
  Melee: Unarmed           |   123 |   102 |   433 |   793 |   888 ||  2339
         Tailslap          |    13 |    14 |    56 |   148 |   156 ||   387
         Punch             |     1 |     3 |     5 |     4 |       ||    13
 Invoke: Serpent's Lash    |       |       |       |     1 |     5 ||     6
         Heavenly Storm    |       |       |       |       |     1 ||     1
Ability: Breathe Noxious F |       |       |    16 |    21 |    10 ||    47
         Lunge             |       |       |    11 |    83 |    80 ||   174
         Whirlwind         |       |       |       |   152 |   216 ||   368
         Wall Jump         |       |       |       |     9 |    13 ||    22
  Evoke: Wand              |       |       |       |     3 |       ||     3
    Use: Scroll            |     2 |     3 |     6 |     9 |     9 ||    29
         Potion            |       |     1 |     5 |     1 |     9 ||    16
   Stab: Sleeping          |       |     2 |     1 |     1 |       ||     4
         Confused          |       |       |    10 |     4 |     6 ||    20
         Distracted        |       |       |       |     2 |       ||     2
         Invisible         |       |       |       |     1 |       ||     1
 Armour: Skin              |    35 |    23 |   172 |   209 |   210 ||   649
  Dodge: Dodged            |    79 |    48 |   331 |   462 |   566 ||  1486
   Form: Flux              |       |       |     1 |     1 |       ||     2
         Beast             |       |       |       |     1 |       ||     1

Table legend: (Time is in decaauts)
 A = Elapsed time spent in this place.
 B = Non-inter-level travel time spent in this place.
 C = Inter-level travel time spent in this place.
 D = Time resting spent in this place.
 E = Time spent auto-exploring this place.
 F = Levels seen in this place.
 G = Mean time per level.
                   A        B        C        D        E       F      G
               +--------+--------+--------+--------+--------+-----+--------+
         Total |  18728 |  18032 |    696 |   1241 |  11997 |  27 |  693.6 |
       Dungeon |   9263 |   8928 |    335 |    439 |   6611 |  11 |  842.1 |
        Temple |     12 |      7 |      5 |      0 |      0 |   1 |   12.0 |
          Lair |   4432 |   4126 |    306 |    173 |   3085 |   5 |  886.4 |
   Spider Nest |   1444 |   1433 |     11 |    139 |   1010 |   2 |  722.0 |
  Orcish Mines |   1234 |   1196 |     38 |     63 |    441 |   2 |  617.0 |
         Abyss |    164 |    164 |      0 |      2 |      0 |   2 |   82.0 |
         Sewer |    903 |    903 |      0 |      0 |    590 |   1 |  903.0 |
       Ossuary |    535 |    535 |      0 |    291 |     33 |   1 |  535.0 |
        Bailey |    273 |    273 |      0 |    134 |     40 |   1 |  273.0 |
      Gauntlet |    465 |    465 |      0 |      0 |    186 |   1 |  465.0 |
               +--------+--------+--------+--------+--------+-----+--------+

Top non-repeatable levels by time:
     D:9: 1627 daAuts
Spider:1: 1356 daAuts
  Lair:1: 1308 daAuts
     D:8: 1231 daAuts
  Lair:3: 1132 daAuts
  Lair:4: 1021 daAuts
     D:3: 990 daAuts
   Orc:2: 930 daAuts
  Lair:2: 925 daAuts
     D:4: 914 daAuts
    D:10: 910 daAuts
   Sewer: 903 daAuts
     D:5: 886 daAuts
     D:7: 713 daAuts
     D:6: 706 daAuts
